[ AOE2 MATCH · #463576325 ]
Team RMCelts vs Burgundians
[ REPLAY ANALYSIS · EXTRACTED FROM THE RECORDED GAME ]
Feudal
11:09
Castle
20:39
Imperial
34:47
| APM avg | 13.0 |
| APM peak | 26 |
| eAPM avg | 10.9 |
| Villagers / military | 91 / 20 |
Focus
⚔️ 14.3% · 🌾 85.7%
Woad Raider ×15 · Trade Cart ×6 · Mangonel ×3 · Monk ×1 · Trebuchet (Packed) ×1
Feudal
—
Castle
—
Imperial
—
| APM avg | 24.9 |
| APM peak | 56 |
| eAPM avg | 13.2 |
| Villagers / military | 96 / 37 |
Focus
⚔️ 18.6% · 🌾 81.4%
Knight ×32 · Trade Cart ×20 · Mangonel ×2 · Spearman ×2 · Monk ×1
Feudal
13:15
Castle
22:11
Imperial
32:59
| APM avg | 13.0 |
| APM peak | 28 |
| eAPM avg | 10.8 |
| Villagers / military | 64 / 57 |
Focus
⚔️ 28.7% · 🌾 71.3%
Berserk ×43 · Trade Cart ×9 · Archer ×6 · Battering Ram ×4 · Monk ×2 · Trebuchet (Packed) ×2
Feudal
10:16
Castle
17:57
Imperial
35:13
| APM avg | 16.1 |
| APM peak | 77 |
| eAPM avg | 13.9 |
| Villagers / military | 121 / 2 |
Focus
⚔️ 27.7% · 🌾 72.3%
Unknown (2550) ×60 · Unknown (2579) ×58 · Trade Cart ×4 · Monk ×2
Feudal
—
Castle
—
Imperial
—
| APM avg | 23.3 |
| APM peak | 98 |
| eAPM avg | 22.8 |
| Villagers / military | 72 / 39 |
Focus
⚔️ 8.4% · 🌾 91.6%
Skirmisher ×24 · Camel Scout ×12 · Mangonel ×2 · Trade Cart ×2 · Monk ×1
Feudal
12:35
Castle
17:07
Imperial
36:09
| APM avg | 23.1 |
| APM peak | 51 |
| eAPM avg | 18.0 |
| Villagers / military | 231 / 11 |
Focus
⚔️ 10.6% · 🌾 89.4%
Trade Cart ×86 · Ratha (Ranged) ×11
Feudal
—
Castle
—
Imperial
—
| APM avg | 16.0 |
| APM peak | 47 |
| eAPM avg | 10.9 |
| Villagers / military | 65 / 78 |
Focus
⚔️ 37.3% · 🌾 62.7%
Knight ×36 · Archer ×32 · Skirmisher ×6 · Spearman ×3 · Trade Cart ×2 · War Elephant ×1
Feudal
11:32
Castle
17:42
Imperial
23:27
| APM avg | 24.7 |
| APM peak | 66 |
| eAPM avg | 15.7 |
| Villagers / military | 59 / 145 |
Focus
⚔️ 46.1% · 🌾 53.9%
Organ Gun ×132 · Bombard Cannon ×11 · Monk ×2
Match map
Initial resources + every placement click. Lines = walls · curves = elevation contours. ◆ gold · ⬟ stone · ● berries · ✦ relic · ◌ wall gap
Your base
Diesel_Dab's base
GuilhermeGui27's base
alex02052013's base· Open — unwalled flank
thereal_Atlas's base· Open — unwalled flank
Naptime's base
S-atansKrotch's base· Open — unwalled flank
Ren's base
Smoothed initial terrain · ◌ = detected wall gap · hover for details
Inputs per minute
— Kayan - - Diesel_Dab
Build order — Kayan
First 150 of 191 actions detected
| 0:02 | Build | House |
| 0:05 | Build | Mill |
| 0:13 | Build | Mill |
| 0:16 | Create | Villager (Male) ×4 |
| 1:52 | Create | Villager (Male) |
| 1:52 | Create | Villager (Male) |
| 2:18 | Create | Villager (Male) |
| 2:30 | Build | Lumber Camp |
| 2:43 | Research | Loom |
| 2:44 | Create | Villager (Male) |
| 2:44 | Create | Villager (Male) |
| 3:57 | Build | Palisade Wall |
| 4:06 | Create | Villager (Male) ×2 |
| 4:17 | Build | House |
| 4:22 | Create | Villager (Male) |
| 4:50 | Build | Building 800 |
| 4:55 | Create | Villager (Male) |
| 5:10 | Build | House |
| 6:20 | Create | Villager (Male) ×2 |
| 6:28 | Build | House |
| 6:38 | Create | Villager (Male) |
| 7:22 | Create | Villager (Male) |
| 7:51 | Build | Palisade Gate |
| 8:17 | Create | Villager (Male) |
| 8:18 | Create | Villager (Male) |
| 8:59 | Research | Feudal Age |
| 9:12 | Build | Palisade Wall |
| 10:16 | Build | Mining Camp |
| 10:48 | Create | Villager (Male) |
| 10:48 | Create | Villager (Male) |
| 11:09 | Age | Feudal Age |
| 11:21 | Build | Watch Tower |
| 11:33 | Research | Double-Bit Axe |
| 12:17 | Research | Wheelbarrow |
| 12:19 | Create | Villager (Male) |
| 12:19 | Create | Villager (Male) |
| 12:42 | Build | Market |
| 13:22 | Build | Barracks |
| 13:29 | Create | Villager (Male) |
| 13:44 | Build | House |
| 13:50 | Build | Blacksmith |
| 14:16 | Create | Villager (Male) |
| 15:17 | Build | Farm |
| 15:19 | Create | Villager (Male) |
| 15:19 | Create | Villager (Male) |
| 15:19 | Create | Villager (Male) |
| 15:20 | Create | Villager (Male) |
| 15:31 | Build | House |
| 15:38 | Build | Farm |
| 15:41 | Build | Farm |
| 15:45 | Build | Farm |
| 15:49 | Build | Farm |
| 15:52 | Build | Farm |
| 15:54 | Build | Farm |
| 16:34 | Build | Farm |
| 16:37 | Build | Farm |
| 16:48 | Build | Farm |
| 16:55 | Build | Farm |
| 17:01 | Build | Farm |
| 17:59 | Research | Castle Age |
| 18:17 | Build | Mining Camp |
| 18:25 | Build | Mining Camp |
| 19:21 | Research | Stone Mining |
| 19:41 | Build | House |
| 19:43 | Build | House |
| 20:11 | Create | Trade Cart |
| 20:39 | Age | Castle Age |
| 20:55 | Build | Town Center |
| 20:59 | Create | Villager (Male) ×4 |
| 21:19 | Research | Bow Saw |
| 21:30 | Research | Horse Collar |
| 21:34 | Create | Villager (Male) |
| 22:00 | Create | Trade Cart |
| 22:21 | Build | Castle |
| 22:26 | Create | Villager (Male) |
| 22:27 | Create | Villager (Male) |
| 22:38 | Create | Villager (Male) |
| 22:50 | Build | Monastery |
| 23:08 | Build | University |
| 23:12 | Create | Villager (Male) |
| 23:13 | Create | Villager (Male) |
| 23:16 | Create | Villager (Male) |
| 23:17 | Create | Villager (Male) |
| 23:45 | Build | Stone Wall |
| 23:53 | Create | Monk |
| 24:09 | Create | Villager (Male) |
| 24:09 | Create | Villager (Male) |
| 24:17 | Create | Trade Cart |
| 24:41 | Create | Villager (Male) |
| 24:42 | Create | Villager (Male) |
| 24:56 | Create | Villager (Male) |
| 25:24 | Build | Town Center |
| 25:30 | Research | Gold Mining |
| 25:48 | Build | Building 665 |
| 26:05 | Create | Villager (Male) |
| 26:05 | Create | Villager (Male) |
| 26:28 | Build | Siege Workshop |
| 26:40 | Create | Villager (Male) |
| 26:43 | Create | Villager (Male) |
| 26:58 | Research | Treadmill Crane |
| 27:17 | Create | Villager (Male) |
| 27:24 | Create | Villager (Male) |
| 27:24 | Create | Villager (Male) |
| 27:44 | Research | Gold Shaft Mining |
| 27:47 | Create | Villager (Male) |
| 27:47 | Create | Villager (Male) |
| 27:54 | Create | Villager (Male) |
| 27:54 | Create | Villager (Male) |
| 28:01 | Build | Mining Camp |
| 28:04 | Create | Villager (Male) |
| 28:04 | Create | Villager (Male) |
| 28:16 | Build | House |
| 28:16 | Build | House |
| 28:23 | Create | Villager (Male) |
| 28:40 | Create | Trade Cart |
| 29:17 | Research | Fletching |
| 29:19 | Research | Forging |
| 29:28 | Build | Farm |
| 29:36 | Build | Farm |
| 29:37 | Build | Farm |
| 29:37 | Build | Farm |
| 29:38 | Build | Farm |
| 29:47 | Build | Farm |
| 29:59 | Build | House |
| 30:10 | Create | Mangonel |
| 30:21 | Create | Trade Cart |
| 30:37 | Research | Hand Cart |
| 31:07 | Build | Stone Wall |
| 31:09 | Build | Building 487 |
| 31:14 | Build | Stone Wall |
| 31:37 | Research | Imperial Age |
| 31:39 | Create | Villager (Male) |
| 31:53 | Build | Farm |
| 31:54 | Build | Farm |
| 31:54 | Build | Farm |
| 31:54 | Build | Farm |
| 32:02 | Create | Villager (Male) |
| 32:15 | Create | Mangonel |
| 32:23 | Create | Villager (Male) |
| 32:24 | Create | Villager (Male) |
| 32:29 | Research | Iron Casting |
| 32:29 | Research | Bodkin Arrow |
| 32:38 | Build | Farm |
| 32:43 | Build | Farm |
| 32:49 | Build | Farm |
| 32:51 | Create | Villager (Male) |
| 32:51 | Create | Villager (Male) |
| 32:58 | Build | Farm |
| 33:06 | Research | Heavy Plow |
| 33:10 | Research | Ballistics |
Build order — Diesel_Dab
First 150 of 271 actions detected
| 0:02 | Create | Villager (Male) |
| 0:02 | Create | Villager (Male) |
| 0:05 | Build | House |
| 0:06 | Build | House |
| 1:01 | Create | Villager (Male) |
| 1:01 | Create | Villager (Male) |
| 1:51 | Create | Villager (Male) |
| 2:38 | Build | Lumber Camp |
| 2:44 | Create | Villager (Male) |
| 2:45 | Create | Villager (Male) |
| 3:34 | Create | Villager (Male) |
| 4:02 | Create | Villager (Male) |
| 4:03 | Create | Villager (Male) |
| 4:21 | Create | Villager (Male) |
| 5:52 | Create | Villager (Male) |
| 5:52 | Create | Villager (Male) |
| 5:59 | Research | Loom |
| 6:04 | Build | House |
| 6:15 | Create | Villager (Male) |
| 6:35 | Build | Mill |
| 6:40 | Create | Villager (Male) |
| 7:09 | Create | Villager (Male) |
| 7:09 | Create | Villager (Male) |
| 7:50 | Create | Villager (Male) |
| 7:58 | Build | Mining Camp |
| 8:14 | Create | Villager (Male) |
| 8:21 | Build | House |
| 8:58 | Create | Villager (Male) |
| 9:53 | Build | Palisade Wall |
| 10:02 | Research | Feudal Age |
| 10:59 | Create | Villager (Male) |
| 11:15 | Create | Villager (Male) |
| 12:01 | Research | Double-Bit Axe |
| 12:06 | Research | Gold Mining |
| 12:28 | Create | Villager (Male) |
| 12:38 | Build | Blacksmith |
| 12:50 | Build | Market |
| 13:15 | Build | Farm |
| 13:15 | Build | Farm |
| 13:15 | Build | Farm |
| 14:41 | Build | Farm |
| 14:45 | Create | Villager (Male) |
| 14:52 | Build | House |
| 14:53 | Build | House |
| 14:56 | Research | Bow Saw |
| 15:24 | Create | Villager (Male) |
| 15:27 | Create | Villager (Male) |
| 15:27 | Create | Villager (Male) |
| 15:30 | Build | Farm |
| 15:38 | Create | Villager (Male) |
| 16:19 | Research | Castle Age |
| 16:59 | Build | Farm |
| 18:41 | Research | Horse Collar |
| 19:06 | Create | Villager (Male) |
| 20:04 | Build | Town Center |
| 20:14 | Build | Town Center |
| 20:17 | Create | Villager (Male) |
| 20:18 | Create | Villager (Male) |
| 20:23 | Build | Farm |
| 20:35 | Research | Two-Man Saw |
| 21:53 | Build | Mining Camp |
| 22:00 | Create | Villager (Male) |
| 22:00 | Create | Villager (Male) |
| 22:01 | Create | Villager (Male) |
| 22:01 | Create | Villager (Male) |
| 22:08 | Build | House |
| 22:10 | Build | House |
| 22:12 | Build | House |
| 22:30 | Build | Barracks |
| 22:59 | Create | Villager (Male) |
| 22:59 | Create | Villager (Male) |
| 23:00 | Create | Villager (Male) |
| 23:00 | Create | Villager (Male) |
| 23:00 | Create | Villager (Male) |
| 23:00 | Create | Villager (Male) |
| 23:01 | Create | Villager (Male) |
| 23:01 | Create | Villager (Male) |
| 23:01 | Create | Villager (Male) |
| 23:01 | Create | Villager (Male) |
| 23:02 | Create | Villager (Male) |
| 23:02 | Create | Villager (Male) |
| 23:41 | Create | Villager (Male) |
| 23:47 | Create | Trade Cart |
| 23:47 | Create | Trade Cart |
| 23:47 | Create | Trade Cart |
| 23:47 | Create | Trade Cart |
| 23:59 | Build | Farm |
| 23:59 | Build | Farm |
| 24:09 | Create | Villager (Male) |
| 24:23 | Build | Market |
| 24:31 | Create | Villager (Male) |
| 24:31 | Create | Villager (Male) |
| 24:32 | Create | Villager (Male) |
| 24:40 | Build | Farm |
| 24:54 | Create | Villager (Male) |
| 24:54 | Create | Villager (Male) |
| 24:55 | Create | Villager (Male) |
| 25:03 | Build | Farm |
| 25:03 | Build | Farm |
| 25:10 | Build | Market |
| 25:15 | Create | Villager (Male) |
| 25:28 | Build | Stone Wall |
| 25:45 | Build | Monastery |
| 25:50 | Build | University |
| 26:15 | Research | Pikeman (upgrade) |
| 26:18 | Create | Spearman |
| 26:18 | Create | Spearman |
| 26:40 | Build | Siege Workshop |
| 26:48 | Build | Stable |
| 26:48 | Build | Stable |
| 26:49 | Build | Stable |
| 26:49 | Build | Stable |
| 26:56 | Build | House |
| 26:56 | Build | House |
| 26:57 | Build | House |
| 26:57 | Build | House |
| 26:57 | Build | House |
| 26:58 | Build | House |
| 26:58 | Build | House |
| 27:27 | Create | Mangonel |
| 27:27 | Create | Mangonel |
| 27:42 | Build | Stable |
| 27:48 | Create | Knight |
| 27:48 | Create | Knight |
| 27:50 | Create | Knight |
| 27:50 | Create | Knight |
| 28:00 | Create | Villager (Male) |
| 28:00 | Create | Villager (Male) |
| 28:05 | Create | Trade Cart |
| 28:05 | Create | Trade Cart |
| 29:18 | Create | Knight |
| 29:19 | Create | Knight |
| 29:19 | Create | Knight |
| 29:19 | Create | Knight |
| 29:19 | Create | Knight |
| 29:42 | Create | Villager (Male) |
| 29:42 | Create | Villager (Male) |
| 29:43 | Create | Villager (Male) |
| 30:05 | Build | House |
| 30:05 | Build | House |
| 30:06 | Build | House |
| 30:06 | Build | House |
| 30:06 | Build | House |
| 30:11 | Build | Lumber Camp |
| 30:40 | Build | Stable |
| 30:40 | Build | Stable |
| 30:40 | Build | Stable |
| 30:41 | Build | Stable |
| 30:58 | Build | Stable |
| 30:59 | Build | Stable |
Build order — GuilhermeGui27
First 150 of 205 actions detected
| 0:08 | Research | Loom |
| 0:08 | Create | Villager (Male) |
| 0:09 | Create | Villager (Male) |
| 0:09 | Create | Villager (Male) |
| 0:10 | Create | Villager (Male) |
| 0:10 | Create | Villager (Male) |
| 0:20 | Build | Palisade Wall |
| 0:24 | Build | Palisade Gate |
| 0:29 | Build | House |
| 0:39 | Build | House |
| 2:22 | Build | House |
| 2:24 | Build | House |
| 2:25 | Build | House |
| 2:40 | Create | Villager (Male) |
| 3:22 | Create | Villager (Male) |
| 3:38 | Create | Villager (Male) |
| 3:56 | Create | Villager (Male) |
| 4:15 | Create | Villager (Male) |
| 4:36 | Create | Villager (Male) |
| 4:54 | Create | Villager (Male) |
| 5:17 | Create | Villager (Male) |
| 5:29 | Create | Villager (Male) |
| 5:48 | Create | Villager (Male) |
| 6:14 | Create | Villager (Male) |
| 6:49 | Create | Villager (Male) |
| 7:04 | Build | Mill |
| 7:19 | Create | Villager (Male) |
| 7:20 | Create | Villager (Male) |
| 8:07 | Create | Villager (Male) |
| 8:54 | Build | Mill |
| 9:03 | Build | Mill |
| 9:12 | Create | Villager (Male) |
| 9:16 | Create | Villager (Male) |
| 9:16 | Create | Villager (Male) |
| 9:45 | Create | Villager (Male) |
| 10:10 | Build | Lumber Camp |
| 10:31 | Build | Mining Camp |
| 11:05 | Research | Feudal Age |
| 11:18 | Build | House |
| 11:25 | Build | House |
| 11:41 | Create | Villager (Male) |
| 12:12 | Build | House |
| 12:14 | Build | House |
| 12:16 | Build | House |
| 12:17 | Build | House |
| 13:12 | Create | Villager (Male) |
| 13:14 | Create | Villager (Male) |
| 13:15 | Create | Villager (Male) |
| 13:15 | Create | Villager (Male) |
| 13:15 | Create | Villager (Male) |
| 13:15 | Age | Feudal Age |
| 13:16 | Create | Villager (Male) |
| 13:24 | Build | Market |
| 14:17 | Create | Villager (Male) |
| 14:18 | Create | Villager (Male) |
| 14:18 | Create | Villager (Male) |
| 14:34 | Build | Blacksmith |
| 14:37 | Build | Farm |
| 15:49 | Build | Farm |
| 17:05 | Build | Farm |
| 17:12 | Build | Farm |
| 17:18 | Create | Villager (Male) |
| 17:19 | Create | Villager (Male) |
| 17:20 | Create | Villager (Male) |
| 17:28 | Create | Villager (Male) |
| 17:32 | Build | Farm |
| 17:43 | Create | Villager (Male) |
| 18:10 | Build | Mining Camp |
| 18:30 | Research | Castle Age |
| 18:57 | Build | Barracks |
| 19:42 | Build | Stone Wall |
| 19:48 | Build | Building 487 |
| 20:07 | Build | House |
| 20:08 | Build | House |
| 20:23 | Build | Farm |
| 20:24 | Build | Farm |
| 20:25 | Build | Farm |
| 20:27 | Build | Farm |
| 20:28 | Build | Farm |
| 20:30 | Build | Farm |
| 20:31 | Build | Farm |
| 20:33 | Build | Farm |
| 20:40 | Build | Farm |
| 20:41 | Build | Farm |
| 20:58 | Research | Double-Bit Axe |
| 20:58 | Research | Horse Collar |
| 21:01 | Research | Gold Mining |
| 21:03 | Research | Stone Mining |
| 21:14 | Build | House |
| 21:16 | Build | House |
| 21:17 | Build | House |
| 21:18 | Build | House |
| 21:20 | Build | House |
| 21:59 | Build | Archery Range |
| 22:01 | Build | Archery Range |
| 22:11 | Age | Castle Age |
| 22:11 | Research | Fletching |
| 22:15 | Create | Villager (Male) |
| 22:15 | Create | Villager (Male) |
| 22:19 | Create | Villager (Male) |
| 22:19 | Create | Villager (Male) |
| 22:20 | Create | Villager (Male) |
| 22:20 | Create | Villager (Male) |
| 22:29 | Research | Heavy Plow |
| 22:33 | Research | Bow Saw |
| 22:55 | Build | Siege Workshop |
| 23:19 | Create | Trade Cart |
| 23:20 | Create | Trade Cart |
| 23:37 | Build | Town Center |
| 23:48 | Build | House |
| 23:50 | Build | House |
| 23:51 | Build | House |
| 23:59 | Build | House |
| 24:00 | Build | House |
| 24:24 | Create | Battering Ram |
| 24:27 | Create | Archer ×4 |
| 24:41 | Create | Villager (Male) |
| 24:41 | Create | Villager (Male) |
| 24:42 | Create | Villager (Male) |
| 24:43 | Create | Villager (Male) |
| 24:55 | Build | Farm |
| 25:46 | Research | Bodkin Arrow |
| 26:13 | Build | Castle |
| 26:26 | Research | Crossbowman (upgrade) |
| 26:28 | Create | Archer |
| 26:28 | Create | Archer |
| 26:46 | Create | Villager (Male) |
| 26:46 | Create | Villager (Male) |
| 26:46 | Create | Villager (Male) |
| 26:54 | Create | Villager (Male) |
| 26:55 | Create | Villager (Male) |
| 26:55 | Create | Villager (Male) |
| 26:56 | Create | Villager (Male) |
| 28:03 | Build | Farm |
| 28:09 | Build | House |
| 28:10 | Build | House |
| 28:11 | Build | House |
| 28:13 | Build | House |
| 28:16 | Create | Trade Cart |
| 28:16 | Create | Trade Cart |
| 29:49 | Research | Imperial Age |
| 30:19 | Build | Town Center |
| 30:30 | Build | House |
| 30:31 | Build | House |
| 30:33 | Build | House |
| 30:34 | Build | House |
| 30:38 | Create | Trade Cart |
| 30:38 | Create | Trade Cart |
| 31:11 | Research | Forging |
| 31:15 | Create | Villager (Male) |
Build order — alex02052013
First 150 of 271 actions detected
| 0:06 | Build | House |
| 0:08 | Build | House |
| 0:10 | Create | Villager (Male) ×4 |
| 1:29 | Create | Villager (Male) |
| 1:46 | Create | Villager (Male) |
| 2:03 | Build | Settlement |
| 2:27 | Create | Villager (Male) |
| 2:27 | Create | Villager (Male) |
| 3:00 | Create | Villager (Male) |
| 3:44 | Create | Villager (Male) |
| 4:00 | Build | House |
| 4:01 | Build | House |
| 4:29 | Build | Settlement |
| 4:43 | Create | Villager (Male) |
| 4:43 | Create | Villager (Male) |
| 4:43 | Create | Villager (Male) |
| 5:46 | Create | Villager (Male) |
| 5:47 | Create | Villager (Male) |
| 5:47 | Create | Villager (Male) |
| 7:04 | Create | Villager (Male) |
| 7:04 | Create | Villager (Male) |
| 7:35 | Create | Villager (Male) |
| 7:47 | Build | Settlement |
| 8:06 | Research | Feudal Age |
| 9:08 | Create | Villager (Male) |
| 9:09 | Create | Villager (Male) |
| 9:09 | Create | Villager (Male) |
| 9:43 | Build | Settlement |
| 10:16 | Age | Feudal Age |
| 10:53 | Build | Settlement |
| 11:06 | Create | Villager (Male) |
| 11:06 | Create | Villager (Male) |
| 11:08 | Create | Villager (Male) |
| 11:08 | Create | Villager (Male) |
| 11:09 | Create | Villager (Male) |
| 11:09 | Create | Villager (Male) |
| 12:09 | Build | Blacksmith |
| 13:07 | Create | Villager (Male) |
| 13:07 | Create | Villager (Male) |
| 13:42 | Build | Settlement |
| 13:51 | Create | Villager (Male) |
| 14:03 | Build | Market |
| 14:28 | Research | Loom |
| 15:01 | Build | Farm |
| 15:02 | Build | Farm |
| 15:04 | Build | Farm |
| 15:05 | Build | Farm |
| 15:17 | Research | Castle Age |
| 15:28 | Build | Farm |
| 15:29 | Build | Farm |
| 15:30 | Build | Farm |
| 15:31 | Build | Farm |
| 15:36 | Build | Farm |
| 15:37 | Build | Farm |
| 15:49 | Build | Farm |
| 16:02 | Build | Farm |
| 16:18 | Build | Farm |
| 16:34 | Build | Farm |
| 16:48 | Research | Double-Bit Axe |
| 17:55 | Create | Villager (Male) |
| 17:55 | Create | Villager (Male) |
| 17:57 | Age | Castle Age |
| 18:01 | Create | Villager (Male) |
| 18:01 | Create | Villager (Male) |
| 18:32 | Build | Town Center |
| 18:40 | Create | Villager (Male) |
| 18:58 | Create | Villager (Male) |
| 19:13 | Build | House |
| 19:14 | Build | House |
| 19:15 | Build | House |
| 19:19 | Build | House |
| 19:44 | Build | Town Center |
| 19:47 | Create | Villager (Male) |
| 19:48 | Create | Villager (Male) |
| 20:33 | Create | Villager (Male) |
| 20:33 | Create | Villager (Male) |
| 20:33 | Create | Villager (Male) |
| 20:39 | Create | Villager (Male) |
| 20:39 | Create | Villager (Male) |
| 20:50 | Research | Horse Collar |
| 21:05 | Build | Farm |
| 21:07 | Build | Farm |
| 21:08 | Build | Farm |
| 21:17 | Create | Villager (Male) |
| 21:17 | Create | Villager (Male) |
| 21:17 | Create | Villager (Male) |
| 21:18 | Create | Villager (Male) |
| 21:19 | Create | Villager (Male) |
| 21:27 | Build | House |
| 21:28 | Build | House |
| 21:30 | Build | House |
| 21:31 | Build | House |
| 21:38 | Create | Villager (Male) |
| 21:38 | Create | Villager (Male) |
| 21:47 | Create | Villager (Male) ×5 |
| 21:48 | Create | Villager (Male) ×3 |
| 21:48 | Create | Villager (Male) ×3 |
| 22:10 | Build | Farm |
| 22:34 | Build | Farm |
| 22:46 | Create | Villager (Male) |
| 22:46 | Create | Villager (Male) ×5 |
| 22:58 | Build | Farm |
| 23:07 | Build | Monastery |
| 23:14 | Build | House |
| 23:15 | Build | House |
| 23:17 | Build | House |
| 23:18 | Build | House |
| 23:32 | Build | Castle |
| 23:40 | Build | Farm |
| 23:50 | Build | Farm |
| 23:59 | Create | Villager (Male) ×5 |
| 23:59 | Create | Villager (Male) ×4 |
| 24:13 | Build | Farm |
| 24:22 | Create | Monk |
| 24:39 | Build | Farm |
| 24:47 | Research | Bow Saw |
| 24:50 | Research | Heavy Plow |
| 25:05 | Build | Farm |
| 25:16 | Create | Villager (Male) ×5 |
| 25:25 | Create | Monk |
| 25:47 | Build | Farm |
| 25:49 | Build | Farm |
| 25:53 | Create | Villager (Male) ×5 |
| 25:53 | Create | Villager (Male) ×2 |
| 26:04 | Create | Unit 2579 |
| 26:05 | Create | Unit 2579 |
| 26:06 | Create | Unit 2579 |
| 26:06 | Create | Unit 2579 |
| 26:11 | Build | Farm |
| 26:17 | Build | Farm |
| 26:24 | Build | Farm |
| 26:25 | Build | Farm |
| 26:26 | Build | Farm |
| 26:27 | Build | Farm |
| 26:37 | Build | Farm |
| 26:42 | Build | House |
| 26:43 | Build | House |
| 26:44 | Build | House |
| 26:45 | Build | House |
| 26:46 | Build | House |
| 26:48 | Build | House |
| 26:49 | Build | House |
| 26:50 | Build | House |
| 26:51 | Build | House |
| 26:52 | Build | House |
| 26:54 | Build | House |
| 27:01 | Create | Villager (Male) ×5 |
| 27:01 | Create | Villager (Male) ×5 |
| 27:01 | Create | Villager (Male) |
| 27:25 | Build | Farm |
Build order — thereal_Atlas
First 150 of 278 actions detected
| 0:03 | Research | Loom |
| 0:03 | Create | Villager (Male) ×4 |
| 0:21 | Build | House |
| 0:23 | Build | House |
| 0:25 | Build | House |
| 0:29 | Build | House |
| 0:31 | Build | House |
| 0:51 | Build | Palisade Wall |
| 2:05 | Create | Villager (Male) |
| 2:55 | Create | Villager (Male) |
| 3:19 | Create | Villager (Male) |
| 4:10 | Create | Villager (Male) |
| 4:11 | Create | Villager (Male) |
| 5:02 | Build | Mill |
| 5:18 | Create | Villager (Male) |
| 5:18 | Create | Villager (Male) |
| 5:43 | Build | House |
| 5:44 | Build | House |
| 5:47 | Build | House |
| 5:54 | Create | Villager (Male) |
| 5:54 | Create | Villager (Male) |
| 6:25 | Create | Villager (Male) |
| 6:26 | Create | Villager (Male) |
| 6:49 | Build | House |
| 6:56 | Create | Villager (Male) |
| 7:14 | Create | Villager (Male) |
| 7:16 | Create | Villager (Male) |
| 8:19 | Build | Lumber Camp |
| 9:38 | Build | House |
| 9:40 | Build | House |
| 9:42 | Build | House |
| 9:45 | Build | House |
| 10:59 | Research | Feudal Age |
| 11:07 | Build | Mining Camp |
| 11:59 | Build | House |
| 13:16 | Build | Watch Tower |
| 13:29 | Create | Villager (Male) |
| 13:30 | Create | Villager (Male) |
| 13:34 | Research | Double-Bit Axe |
| 14:06 | Build | Mining Camp |
| 14:23 | Create | Villager (Male) |
| 14:24 | Create | Villager (Male) |
| 14:26 | Research | Wheelbarrow |
| 14:54 | Create | Villager (Male) |
| 15:36 | Build | Farm |
| 15:36 | Build | Farm |
| 15:36 | Build | Farm |
| 15:36 | Build | Farm |
| 15:36 | Build | Farm |
| 15:36 | Build | Farm |
| 15:36 | Build | Farm |
| 15:36 | Build | Farm |
| 15:36 | Build | Farm |
| 15:36 | Build | Farm |
| 15:36 | Build | Farm |
| 15:36 | Build | Farm |
| 15:36 | Build | Farm |
| 15:36 | Build | Farm |
| 15:36 | Build | Farm |
| 15:41 | Build | Farm |
| 15:41 | Build | Farm |
| 15:41 | Build | Farm |
| 15:41 | Build | Farm |
| 15:41 | Build | Farm |
| 16:33 | Build | Watch Tower |
| 16:54 | Build | Farm |
| 17:12 | Create | Villager (Male) |
| 17:12 | Create | Villager (Male) |
| 17:12 | Create | Villager (Male) |
| 17:21 | Build | Farm |
| 17:21 | Build | Farm |
| 17:21 | Build | Farm |
| 17:21 | Build | Farm |
| 17:21 | Build | Farm |
| 17:21 | Build | Farm |
| 17:21 | Build | Farm |
| 17:30 | Build | Farm |
| 17:30 | Build | Farm |
| 17:30 | Build | Farm |
| 17:52 | Build | Farm |
| 17:52 | Build | Farm |
| 17:52 | Build | Farm |
| 17:52 | Build | Farm |
| 17:52 | Build | Farm |
| 17:52 | Build | Farm |
| 17:57 | Build | Farm |
| 17:57 | Build | Farm |
| 17:57 | Build | Farm |
| 17:57 | Build | Farm |
| 17:57 | Build | Farm |
| 17:57 | Build | Farm |
| 18:18 | Build | Farm |
| 18:18 | Build | Farm |
| 18:18 | Build | Farm |
| 18:18 | Build | Stone Wall |
| 18:18 | Build | Farm |
| 18:18 | Build | Farm |
| 18:18 | Build | Farm |
| 18:44 | Build | Farm |
| 18:56 | Build | Farm |
| 18:56 | Build | Farm |
| 18:56 | Build | Farm |
| 18:56 | Build | Farm |
| 18:56 | Build | Farm |
| 18:56 | Build | Farm |
| 18:56 | Build | Farm |
| 18:56 | Build | Farm |
| 18:56 | Build | Farm |
| 19:06 | Build | Farm |
| 19:06 | Build | Farm |
| 19:06 | Build | Farm |
| 19:06 | Build | Farm |
| 19:06 | Build | Farm |
| 19:06 | Build | Farm |
| 19:06 | Build | Farm |
| 19:23 | Create | Villager (Male) |
| 19:24 | Create | Villager (Male) |
| 19:24 | Create | Villager (Male) |
| 19:35 | Build | Farm |
| 19:35 | Build | Farm |
| 19:35 | Build | Farm |
| 19:35 | Build | Farm |
| 19:35 | Build | Farm |
| 19:35 | Build | Farm |
| 19:35 | Build | Farm |
| 19:35 | Build | Farm |
| 20:00 | Build | Stone Wall |
| 20:38 | Build | Market |
| 20:50 | Build | Blacksmith |
| 20:57 | Create | Villager (Male) |
| 20:58 | Create | Villager (Male) |
| 21:15 | Research | Horse Collar |
| 21:20 | Research | Gold Mining |
| 21:24 | Research | Stone Mining |
| 21:47 | Build | Farm |
| 22:10 | Build | Farm |
| 22:10 | Build | Farm |
| 22:10 | Build | Farm |
| 22:10 | Build | Farm |
| 22:10 | Build | Farm |
| 22:10 | Build | Farm |
| 22:10 | Build | Farm |
| 22:12 | Research | Castle Age |
| 22:27 | Create | Trade Cart |
| 22:58 | Build | Barracks |
| 23:29 | Build | Watch Tower |
| 23:44 | Build | Watch Tower |
| 24:07 | Build | Stable |
| 24:39 | Build | Archery Range |
| 24:49 | Create | Villager (Male) |
Build order — Naptime
First 150 of 506 actions detected
| 0:06 | Build | House |
| 0:07 | Create | Villager (Male) |
| 0:07 | Create | Villager (Male) |
| 0:07 | Create | Villager (Male) |
| 0:09 | Build | House |
| 0:34 | Create | Villager (Male) |
| 0:34 | Create | Villager (Male) |
| 1:32 | Create | Villager (Male) |
| 1:32 | Create | Villager (Male) |
| 2:21 | Build | Lumber Camp |
| 2:24 | Create | Villager (Male) |
| 3:32 | Create | Villager (Male) |
| 3:32 | Create | Villager (Male) |
| 3:33 | Create | Villager (Male) |
| 3:33 | Create | Villager (Male) |
| 3:33 | Create | Villager (Male) |
| 4:32 | Create | Villager (Male) |
| 4:32 | Create | Villager (Male) |
| 4:33 | Create | Villager (Male) |
| 4:55 | Create | Villager (Male) |
| 5:05 | Research | Loom |
| 5:06 | Create | Villager (Male) |
| 5:06 | Create | Villager (Male) |
| 5:12 | Build | House |
| 5:55 | Create | Villager (Male) |
| 6:05 | Build | Mill |
| 6:09 | Create | Villager (Male) |
| 6:09 | Create | Villager (Male) |
| 7:00 | Build | House |
| 7:09 | Create | Villager (Male) |
| 7:09 | Create | Villager (Male) |
| 7:10 | Create | Villager (Male) |
| 7:10 | Create | Villager (Male) |
| 7:10 | Create | Villager (Male) |
| 7:10 | Create | Villager (Male) |
| 7:10 | Create | Villager (Male) |
| 7:52 | Create | Villager (Male) |
| 7:52 | Create | Villager (Male) |
| 8:16 | Create | Villager (Male) |
| 8:16 | Create | Villager (Male) |
| 9:13 | Build | Mining Camp |
| 9:16 | Create | Villager (Male) |
| 10:16 | Build | House |
| 10:25 | Research | Feudal Age |
| 11:02 | Build | House |
| 11:06 | Build | House |
| 11:19 | Build | Building 804 |
| 11:24 | Build | House |
| 11:29 | Create | Villager (Male) |
| 11:29 | Create | Villager (Male) |
| 11:55 | Build | Farm |
| 11:59 | Build | Farm |
| 12:11 | Build | Farm |
| 12:17 | Build | Farm |
| 12:23 | Build | Farm |
| 12:35 | Age | Feudal Age |
| 12:54 | Build | Market |
| 13:05 | Create | Villager (Male) |
| 13:17 | Build | House |
| 13:34 | Build | Blacksmith |
| 14:27 | Research | Castle Age |
| 14:46 | Research | Double-Bit Axe |
| 15:05 | Build | Farm |
| 15:07 | Research | Horse Collar |
| 15:29 | Create | Villager (Male) |
| 15:30 | Create | Villager (Male) |
| 16:28 | Create | Villager (Male) |
| 16:28 | Create | Villager (Male) |
| 16:41 | Build | Farm |
| 16:41 | Build | Farm |
| 16:43 | Create | Villager (Male) |
| 16:44 | Create | Villager (Male) |
| 17:07 | Age | Castle Age |
| 17:24 | Create | Villager (Male) |
| 17:24 | Create | Villager (Male) |
| 17:38 | Build | Town Center |
| 17:43 | Research | Bow Saw |
| 17:51 | Research | Heavy Plow |
| 18:05 | Build | Town Center |
| 18:09 | Create | Villager (Male) |
| 18:09 | Create | Villager (Male) |
| 18:09 | Create | Villager (Male) |
| 18:12 | Build | Farm |
| 18:13 | Build | Farm |
| 18:35 | Create | Villager (Male) |
| 18:36 | Create | Villager (Male) |
| 19:21 | Create | Villager (Male) |
| 19:25 | Create | Villager (Male) |
| 19:35 | Create | Villager (Male) |
| 19:37 | Create | Villager (Male) |
| 19:38 | Create | Villager (Male) |
| 19:38 | Create | Villager (Male) |
| 19:42 | Create | Villager (Male) |
| 19:42 | Create | Villager (Male) |
| 19:58 | Build | Town Center |
| 20:05 | Create | Villager (Male) |
| 20:12 | Build | Farm |
| 20:14 | Create | Villager (Male) |
| 20:14 | Create | Villager (Male) |
| 20:20 | Build | Farm |
| 20:23 | Build | Farm |
| 20:28 | Create | Villager (Male) |
| 20:29 | Create | Villager (Male) |
| 20:29 | Create | Villager (Male) |
| 20:49 | Build | Farm |
| 20:53 | Build | Farm |
| 20:54 | Create | Villager (Male) |
| 20:54 | Create | Villager (Male) |
| 20:54 | Create | Villager (Male) |
| 20:54 | Create | Villager (Male) |
| 21:01 | Build | Farm |
| 21:05 | Build | Farm |
| 21:16 | Build | Farm |
| 21:17 | Build | Farm |
| 21:17 | Build | Farm |
| 21:18 | Build | Farm |
| 21:19 | Create | Villager (Male) |
| 21:20 | Create | Villager (Male) |
| 21:22 | Create | Villager (Male) |
| 21:22 | Create | Villager (Male) |
| 21:22 | Create | Villager (Male) |
| 21:48 | Create | Villager (Male) |
| 21:48 | Create | Villager (Male) |
| 21:48 | Create | Villager (Male) |
| 21:49 | Create | Villager (Male) |
| 21:57 | Build | Farm |
| 21:57 | Build | Farm |
| 21:58 | Build | Farm |
| 21:58 | Build | Farm |
| 21:58 | Build | Farm |
| 21:58 | Build | Farm |
| 22:04 | Create | Villager (Male) |
| 22:04 | Create | Villager (Male) |
| 22:14 | Build | Farm |
| 22:15 | Build | Farm |
| 22:15 | Build | Farm |
| 22:15 | Build | Farm |
| 22:18 | Create | Villager (Male) |
| 22:18 | Create | Villager (Male) |
| 22:18 | Create | Villager (Male) |
| 22:28 | Build | House |
| 22:31 | Build | House |
| 22:32 | Build | House |
| 22:34 | Build | House |
| 22:36 | Build | House |
| 22:39 | Build | House |
| 22:41 | Build | House |
| 22:46 | Create | Villager (Male) |
| 22:47 | Create | Villager (Male) |
| 22:47 | Create | Villager (Male) |
Build order — S-atansKrotch
First 150 of 230 actions detected
| 0:03 | Build | House |
| 0:06 | Build | House |
| 0:13 | Research | Loom |
| 0:14 | Create | Villager (Male) |
| 0:14 | Create | Villager (Male) |
| 0:14 | Create | Villager (Male) |
| 0:15 | Create | Villager (Male) |
| 0:15 | Create | Villager (Male) |
| 1:17 | Build | Palisade Wall |
| 2:39 | Create | Villager (Male) |
| 2:39 | Create | Villager (Male) |
| 3:11 | Build | Lumber Camp |
| 3:50 | Build | Palisade Wall |
| 4:06 | Create | Villager (Male) |
| 4:07 | Create | Villager (Male) |
| 4:08 | Create | Villager (Male) |
| 5:26 | Create | Villager (Male) |
| 5:27 | Create | Villager (Male) |
| 5:38 | Build | House |
| 5:43 | Build | House |
| 6:05 | Build | Mill |
| 6:14 | Create | Villager (Male) |
| 6:14 | Create | Villager (Male) |
| 6:18 | Create | Villager (Male) |
| 6:18 | Create | Villager (Male) |
| 8:04 | Build | Barracks |
| 8:18 | Create | Villager (Male) |
| 10:19 | Research | Feudal Age |
| 11:11 | Build | Farm |
| 11:13 | Build | Farm |
| 11:15 | Build | Farm |
| 11:17 | Build | Farm |
| 11:19 | Build | Farm |
| 11:21 | Build | Farm |
| 11:23 | Build | Farm |
| 11:29 | Build | Mining Camp |
| 11:34 | Create | Villager (Male) |
| 12:32 | Create | Villager (Male) |
| 12:32 | Create | Villager (Male) |
| 12:41 | Build | Archery Range |
| 13:32 | Research | Double-Bit Axe |
| 13:37 | Research | Horse Collar |
| 13:49 | Create | Villager (Male) |
| 13:50 | Create | Villager (Male) |
| 13:51 | Create | Villager (Male) |
| 13:52 | Create | Villager (Male) |
| 14:02 | Create | Archer |
| 14:13 | Create | Archer |
| 14:27 | Build | House |
| 14:30 | Build | House |
| 15:23 | Create | Villager (Male) |
| 15:23 | Create | Villager (Male) |
| 15:59 | Build | House |
| 16:02 | Build | House |
| 16:31 | Create | Spearman |
| 16:31 | Create | Spearman |
| 18:09 | Create | Spearman |
| 18:21 | Build | Blacksmith |
| 19:28 | Build | Market |
| 19:40 | Create | Villager (Male) |
| 19:40 | Create | Villager (Male) |
| 19:40 | Create | Villager (Male) |
| 19:52 | Research | Castle Age |
| 20:01 | Build | Stable |
| 20:13 | Build | Stable |
| 20:45 | Build | Archery Range |
| 21:11 | Build | Mining Camp |
| 21:30 | Build | Stable |
| 21:32 | Build | Stable |
| 21:43 | Build | Farm |
| 22:23 | Research | Bloodlines |
| 22:50 | Research | Scale Barding Armor |
| 22:52 | Research | Padded Archer Armor |
| 22:52 | Research | Fletching |
| 23:14 | Build | Barracks |
| 23:22 | Create | Villager (Male) |
| 23:22 | Create | Villager (Male) |
| 24:02 | Research | Bow Saw |
| 24:32 | Build | Farm |
| 24:36 | Create | Villager (Male) |
| 24:37 | Create | Villager (Male) |
| 25:00 | Build | Town Center |
| 25:06 | Build | Town Center |
| 25:28 | Create | Villager (Male) |
| 25:28 | Create | Villager (Male) |
| 25:28 | Create | Villager (Male) |
| 25:29 | Create | Villager (Male) |
| 25:29 | Create | Villager (Male) |
| 25:35 | Build | Farm |
| 26:47 | Research | Husbandry |
| 26:58 | Create | Skirmisher |
| 26:58 | Create | Skirmisher |
| 26:59 | Create | Skirmisher |
| 26:59 | Create | Skirmisher |
| 27:00 | Create | Skirmisher |
| 27:03 | Create | Skirmisher |
| 27:20 | Build | Farm |
| 27:27 | Build | Farm |
| 27:27 | Build | Farm |
| 27:28 | Build | Farm |
| 27:29 | Build | Farm |
| 27:30 | Create | Villager (Male) |
| 27:30 | Create | Villager (Male) |
| 27:40 | Create | Trade Cart |
| 27:40 | Create | Trade Cart |
| 28:07 | Build | House |
| 28:12 | Build | House |
| 28:15 | Build | House |
| 28:17 | Build | House |
| 28:54 | Build | House |
| 28:56 | Build | House |
| 28:57 | Build | House |
| 29:00 | Build | House |
| 29:01 | Build | House |
| 29:02 | Build | House |
| 29:03 | Build | House |
| 29:05 | Build | House |
| 29:07 | Build | House |
| 29:09 | Build | House |
| 29:22 | Create | Knight |
| 29:22 | Create | Knight |
| 29:22 | Create | Knight |
| 29:23 | Create | Knight |
| 29:23 | Create | Knight |
| 29:24 | Create | Knight |
| 29:24 | Create | Knight |
| 29:24 | Create | Knight |
| 29:24 | Create | Knight |
| 29:51 | Create | Villager (Male) |
| 29:52 | Create | Villager (Male) |
| 30:50 | Create | Knight |
| 30:51 | Create | Knight |
| 30:51 | Create | Knight |
| 30:51 | Create | Knight |
| 30:51 | Create | Knight |
| 30:51 | Create | Knight |
| 32:25 | Create | Knight |
| 32:26 | Create | Knight |
| 32:26 | Create | Knight |
| 32:26 | Create | Knight |
| 32:26 | Create | Knight |
| 32:26 | Create | Knight |
| 32:26 | Create | Knight |
| 32:26 | Create | Knight |
| 32:27 | Create | Knight |
| 32:45 | Build | Stable |
| 32:48 | Build | Stable |
| 32:50 | Build | Stable |
| 33:03 | Build | Castle |
| 34:17 | Build | Siege Workshop |
Build order — Ren
First 150 of 197 actions detected
| 0:36 | Create | Villager (Male) |
| 0:39 | Build | House |
| 0:42 | Build | House |
| 0:44 | Create | Villager (Male) ×3 |
| 2:04 | Create | Villager (Male) |
| 2:04 | Create | Villager (Male) |
| 2:26 | Build | Lumber Camp |
| 2:38 | Create | Villager (Male) |
| 2:38 | Create | Villager (Male) |
| 2:56 | Create | Villager (Male) |
| 2:56 | Create | Villager (Male) |
| 3:23 | Create | Villager (Male) |
| 3:23 | Create | Villager (Male) |
| 3:46 | Create | Villager (Male) |
| 3:47 | Create | Villager (Male) |
| 4:09 | Build | Mill |
| 4:10 | Create | Villager (Male) |
| 4:29 | Create | Villager (Male) |
| 4:31 | Build | House |
| 4:57 | Create | Villager (Male) |
| 4:57 | Create | Villager (Male) |
| 5:19 | Create | Villager (Male) |
| 5:41 | Build | Mill |
| 5:45 | Create | Villager (Male) |
| 6:02 | Create | Villager (Male) |
| 6:18 | Create | Villager (Male) |
| 6:18 | Create | Villager (Male) |
| 6:30 | Build | House |
| 6:34 | Create | Villager (Male) |
| 6:54 | Create | Villager (Male) |
| 7:10 | Create | Villager (Male) |
| 7:30 | Create | Villager (Male) |
| 7:53 | Create | Villager (Male) |
| 8:35 | Build | Mining Camp |
| 9:11 | Build | House |
| 9:18 | Research | Feudal Age |
| 10:24 | Create | Villager (Male) ×5 |
| 11:32 | Age | Feudal Age |
| 11:33 | Research | Horse Collar |
| 11:33 | Research | Double-Bit Axe |
| 11:52 | Build | Farm |
| 11:56 | Build | Farm |
| 11:59 | Build | Farm |
| 12:05 | Build | Farm |
| 12:05 | Build | Farm |
| 12:06 | Build | Farm |
| 12:07 | Build | Farm |
| 12:13 | Build | Farm |
| 12:21 | Build | Farm |
| 12:24 | Build | Farm |
| 12:33 | Build | Farm |
| 12:59 | Build | House |
| 13:16 | Build | Market |
| 13:27 | Research | Wheelbarrow |
| 13:50 | Build | Farm |
| 14:13 | Create | Villager (Male) |
| 14:18 | Build | Blacksmith |
| 14:46 | Research | Gold Mining |
| 15:00 | Research | Castle Age |
| 16:39 | Create | Villager (Male) ×5 |
| 17:17 | Build | Stone Wall |
| 17:21 | Build | Building 487 |
| 17:42 | Age | Castle Age |
| 17:49 | Build | University |
| 17:51 | Build | Monastery |
| 18:36 | Build | House |
| 19:00 | Create | Monk |
| 19:05 | Build | House |
| 19:09 | Research | Stone Mining |
| 19:20 | Build | House |
| 19:25 | Build | Mining Camp |
| 19:42 | Build | House |
| 19:44 | Build | House |
| 19:45 | Build | House |
| 19:45 | Build | House |
| 19:48 | Build | House |
| 19:48 | Build | House |
| 19:49 | Create | Villager (Male) |
| 20:17 | Research | Imperial Age |
| 21:05 | Build | House |
| 21:06 | Build | House |
| 21:06 | Build | House |
| 21:07 | Create | Monk |
| 21:08 | Research | Fervor |
| 21:46 | Build | House |
| 21:47 | Build | House |
| 21:48 | Build | House |
| 21:57 | Create | Villager (Male) |
| 21:57 | Create | Villager (Male) |
| 21:57 | Create | Villager (Male) |
| 21:58 | Create | Villager (Male) |
| 22:52 | Build | House |
| 22:52 | Build | House |
| 22:53 | Build | House |
| 22:54 | Build | House |
| 22:55 | Build | House |
| 22:55 | Build | House |
| 23:01 | Build | House |
| 23:02 | Build | House |
| 23:03 | Build | House |
| 23:03 | Build | House |
| 23:27 | Age | Imperial Age |
| 23:29 | Build | Feitoria |
| 23:30 | Build | Feitoria |
| 23:58 | Build | House |
| 24:18 | Create | Villager (Male) ×5 |
| 24:25 | Build | Feitoria |
| 25:18 | Create | Villager (Male) ×5 |
| 25:25 | Build | Feitoria |
| 26:04 | Build | Siege Workshop |
| 26:16 | Research | Chemistry |
| 26:39 | Create | Villager (Male) ×5 |
| 26:54 | Research | Heavy Plow |
| 27:25 | Build | Castle |
| 27:44 | Create | Bombard Cannon |
| 27:45 | Research | Hand Cart |
| 27:47 | Research | Loom |
| 28:09 | Research | Bow Saw |
| 28:18 | Research | Conscription |
| 28:23 | Create | Bombard Cannon |
| 28:45 | Create | Organ Gun |
| 29:08 | Create | Organ Gun |
| 29:12 | Create | Bombard Cannon |
| 29:13 | Create | Bombard Cannon |
| 29:24 | Create | Organ Gun |
| 29:24 | Create | Organ Gun |
| 29:47 | Create | Organ Gun |
| 29:47 | Create | Organ Gun |
| 30:02 | Create | Bombard Cannon |
| 30:26 | Create | Bombard Cannon |
| 30:42 | Create | Organ Gun |
| 30:58 | Research | Siege Engineers |
| 31:12 | Create | Organ Gun |
| 31:19 | Create | Organ Gun |
| 31:21 | Create | Bombard Cannon |
| 31:40 | Create | Organ Gun |
| 32:02 | Create | Organ Gun ×5 |
| 32:17 | Research | Elite Organ Gun (upgrade) |
| 32:37 | Create | Organ Gun ×5 |
| 32:42 | Research | Crop Rotation |
| 32:45 | Create | Bombard Cannon |
| 33:18 | Create | Organ Gun ×5 |
| 33:34 | Create | Organ Gun ×5 |
| 33:46 | Create | Organ Gun ×2 |
| 33:50 | Create | Organ Gun |
| 34:21 | Create | Organ Gun ×2 |
| 34:22 | Create | Bombard Cannon |
| 34:26 | Research | Arquebus |
| 34:28 | Build | Castle |
| 34:34 | Create | Bombard Cannon |
Match timeline
| 0:20 | GuilhermeGui27 · wall_segment Palisade Wall x15 |
| 0:51 | thereal_Atlas · wall_segment Palisade Wall x30 |
| 1:17 | S-atansKrotch · wall_segment Palisade Wall x6 |
| 3:50 | S-atansKrotch · wall_segment Palisade Wall x6 |
| 3:57 | Kayan · wall_segment Palisade Wall x7 |
| 8:04 | S-atansKrotch · first_building Barracks |
| 9:12 | Kayan · wall_segment Palisade Wall x4 |
| 9:53 | Diesel_Dab · wall_segment Palisade Wall x20 |
| 10:16 | alex02052013 · age_up feudal |
| 11:09 | Kayan · age_up feudal |
| 11:32 | Ren · age_up feudal |
| 12:35 | Naptime · age_up feudal |
| 12:41 | S-atansKrotch · first_building Archery Range |
| 13:15 | GuilhermeGui27 · age_up feudal |
| 13:22 | Kayan · first_building Barracks |
| 17:07 | Naptime · age_up castle |
| 17:17 | Ren · wall_segment Stone Wall x10 |
| 17:42 | Ren · age_up castle |
| 17:49 | Naptime · first_market_buy 100 food |
| 17:51 | Ren · first_building Monastery |
| 17:55 | Kayan · first_market_sell 100 wood |
| 17:57 | alex02052013 · age_up castle |
| 18:18 | thereal_Atlas · wall_segment Stone Wall x10 |
| 18:57 | GuilhermeGui27 · first_building Barracks |
| 19:42 | GuilhermeGui27 · wall_segment Stone Wall x17 |
| 20:00 | thereal_Atlas · wall_segment Stone Wall x12 |
| 20:01 | S-atansKrotch · first_building Stable |
| 20:39 | Kayan · age_up castle |
| 21:59 | GuilhermeGui27 · first_building Archery Range |
| 22:09 | thereal_Atlas · first_market_buy 100 food |
| 22:11 | GuilhermeGui27 · age_up castle |
| 22:21 | Kayan · first_building Castle |
| 22:30 | Diesel_Dab · first_building Barracks |
| 22:50 | Kayan · first_building Monastery |
| 22:55 | GuilhermeGui27 · first_building Siege Workshop |
| 22:58 | thereal_Atlas · first_building Barracks |
| 23:07 | alex02052013 · first_building Monastery |
| 23:27 | Ren · age_up imperial |
| 23:32 | alex02052013 · first_building Castle |
| 23:45 | Kayan · wall_segment Stone Wall x12 |
| 24:07 | thereal_Atlas · first_building Stable |
| 24:39 | thereal_Atlas · first_building Archery Range |
| 24:50 | Diesel_Dab · first_market_buy 100 food |
| 25:28 | Diesel_Dab · wall_segment Stone Wall x20 |
| 25:45 | Diesel_Dab · first_building Monastery |
| 26:04 | Ren · first_building Siege Workshop |
| 26:13 | GuilhermeGui27 · first_building Castle |
| 26:28 | Kayan · first_building Siege Workshop |
| 26:40 | Diesel_Dab · first_building Siege Workshop |
| 26:42 | thereal_Atlas · first_building Monastery |
| 26:48 | Diesel_Dab · first_building Stable |
| 27:25 | Ren · first_building Castle |
| 29:55 | thereal_Atlas · first_building Siege Workshop |
| 30:38 | Naptime · first_building Castle |
| 30:58 | Naptime · wall_segment Stone Wall x3 |
| 31:01 | Naptime · wall_segment Stone Wall x4 |
| 31:07 | Kayan · wall_segment Stone Wall x8 |
| 31:14 | Kayan · wall_segment Stone Wall x4 |
| 31:23 | Diesel_Dab · first_market_sell 100 wood |
| 31:25 | Kayan · first_market_buy 100 food |
| 31:49 | Naptime · first_building Monastery |
| 32:29 | GuilhermeGui27 · first_building Monastery |
| 32:59 | GuilhermeGui27 · age_up imperial |
| 33:03 | S-atansKrotch · first_building Castle |
| 33:26 | Naptime · wall_segment Stone Wall x7 |
| 33:38 | Naptime · wall_segment Stone Wall x5 |
| 33:47 | Naptime · wall_segment Stone Wall x2 |
| 33:51 | Naptime · wall_segment Stone Wall x10 |
| 34:07 | Diesel_Dab · wall_segment Stone Wall x1 |
| 34:17 | S-atansKrotch · first_building Siege Workshop |
| 34:47 | Kayan · age_up imperial |
| 34:52 | alex02052013 · first_building Barracks |
| 35:11 | Diesel_Dab · first_building Castle |
| 35:13 | alex02052013 · age_up imperial |
| 35:31 | Diesel_Dab · wall_segment Stone Wall x1 |
| 35:43 | Naptime · first_building Barracks |
| 35:48 | Kayan · first_building Stable |
| 35:53 | Naptime · first_building Siege Workshop |
| 36:09 | Naptime · age_up imperial |
| 36:11 | thereal_Atlas · first_building Castle |
| 37:18 | GuilhermeGui27 · first_market_buy 500 food |
| 38:17 | Naptime · first_building Stable |
| 41:07 | thereal_Atlas · resign |
[ AI ANALYSIS · 1 CREDIT ]
What really happened in this match?
Wolo.gg analyzes every decision: build order, eco, micro, common mistakes by bracket. Personalized analysis on WhatsApp or Discord in 30 seconds.
Civ guide
Celts
Map guide
Black Forest
Perfil
Jugador #1980654